 Dungeon Crawl Stone Soup version 0.32-a0-913-g739538afd8 (webtiles) character file.

Game seed: 5153094839390751229

80 CornPuffBuddha the Cudgeller (level 4, 0/40 HPs)
             Began as a Mountain Dwarf Fighter on Apr 7, 2024.
             Incinerated by a bombardier beetle (3 damage)
             ... with a burning spray
             ... on level 3 of the Dungeon.
             The game lasted 00:03:41 (1927 turns).

CornPuffBuddha the Cudgeller (MDFi)                 Turns: 1927, Time: 00:03:41

Health: 0/40       AC: 13    Str: 20    XL:     4   Next: 18%
Magic:  4/4        EV:  8    Int:  9    God:
Gold:   110        SH:  4    Dex:  9    Spells: 3/3 levels left

rFire   . . .        h - +2 mace (protect)
rCold   . . .        c - +0 buckler
rNeg    . . .        b - +0 scale mail
rPois   .            (no helmet)
rElec   .            (no cloak)
rCorr   .            (no gloves)
SInv    .            (no boots)
Will    +....        (no amulet) Stlth
                     (no ring)
HPRegen 0.26/turn    (no ring)
MPRegen 0.09/turn

%: no passive effects
@: mighty, on fire, under a protective aura, enlightened, flying, glowing
A: runic magic, artefact enchanting
a: no special abilities


You were on level 3 of the Dungeon.
You visited 1 branch of the dungeon, and saw 3 of its levels.

You collected 110 gold pieces.

Inventory:

Hand Weapons
 a - a +0 flail
 h - a +2 mace of protection (weapon)
Armour
 b - a +0 scale mail (worn)
 c - a +0 buckler (worn)
Jewellery
 k - a +6 ring of dexterity
 l - a +4 ring of protection
Scrolls
 f - a scroll of noise {unknown}
 g - a scroll of identify
 i - 2 scrolls of immolation
 q - a scroll of poison {unknown}
 r - a scroll of butterflies {unknown}
Potions
 e - a potion of magic {unknown}
 j - a potion of heal wounds {unknown}
 m - a potion of lignification {unknown}
 n - a potion of cancellation {unknown}
 p - a potion of experience {unknown}


   Skills:
 + Level 4.2 Fighting
 * Level 4.6 Maces & Flails
 - Level 3.2 Armour
 - Level 3.2 Shields


You had 3 spell levels left.
You didn't know any spells.
Your spell library contained the following spells:

 Spells                   Type           Power      Damage    Failure   Level
 Cause Fear               Hex            0%         N/A       100%        4
 Fireball                 Conj/Fire      0%         3d3       100%        5
 Dragon's Call            Summ           0%         N/A       100%        9


Dungeon Overview and Level Annotations

Branches:
Dungeon (3/15)

Altars:
Elyvilon


Innate Abilities, Weirdness & Mutations

Your spellcasting is much less encumbered by armour.
You can use scrolls of enchantment on lesser artefacts.


Message History

The bombardier beetle sprays incendiary fluid at you.
The burning spray hits you.
You are covered in liquid fire!
You shake off some of the fire as you move.
The liquid fire burns you!
You hit the bombardier beetle but do no damage.
Your weapon exudes an aura of protection.
The liquid fire burns you!
The bombardier beetle bites you but does no damage.
You hit the bombardier beetle.
The bombardier beetle is lightly wounded.
The liquid fire burns you!
The bombardier beetle sprays incendiary fluid at you.
The burning spray misses you.
You hit the bombardier beetle.
The bombardier beetle is lightly wounded.
The liquid fire burns you!
The bombardier beetle sprays incendiary fluid at you.
The burning spray hits you.
You are even more covered in liquid fire!
You feel very mighty all of a sudden. The liquid fire burns you!
You hit the bombardier beetle.
The bombardier beetle is moderately wounded.
The liquid fire burns you!
* * * LOW HITPOINT WARNING * * *
The bombardier beetle sprays incendiary fluid at you.
The burning spray hits you.
You are even more covered in liquid fire!
As you read the scroll labelled DERED OP TYU, it crumbles to dust.
It is a scroll of identify.
i - 2 scrolls of immolation The liquid fire burns you!
* * * LOW HITPOINT WARNING * * *
The bombardier beetle bites you but does no damage.
It was a potion of enlightenment.
You feel very buoyant.
You fly up into the air.
The liquid fire burns you!
You die...

####. #.#.# #####....
#.#.# ........# #..†.
........# #########...
........#####...........
..............#######...
........####### #...
..(.....# #### .......@#
.......B# ........#
#########


You could see a bombardier beetle.

Vanquished Creatures
  3 adders
  2 dart slugs
  2 ribbon worms (D:2)
  An endoplasm (D:2)
  A giant cockroach (D:1)
  3 hobgoblins
  10 kobolds
  2 quokkas (D:1)
  A ball python (D:3)
  6 bats
  6 goblins (D:1)
  8 rats
45 creatures vanquished.

Notes
Turn   | Place    | Note
-------+----------+-------------------------------------------
     0 | D:1      | CornPuffBuddha the Mountain Dwarf Fighter began the quest
                  | for the Orb.
     0 | D:1      | Reached XP level 1. HP: 19/19 MP: 1/1
   406 | D:1      | Reached XP level 2. HP: 24/26 MP: 2/2
   827 | D:1      | Reached XP level 3. HP: 23/33 MP: 3/3
  1420 | D:2      | Found a faded altar of an unknown god.
  1569 | D:2      | Found a white marble altar of Elyvilon.
  1647 | D:2      | Reached XP level 4. HP: 40/40 MP: 4/4
  1927 | D:3      | Incinerated by a bombardier beetle

Illustrated notes

Levels and vault maps discovered:
D:1:      amcnicky_arrival_single_pillar, layout_basic
D:2:      layout_basic, hellmonk_ecumenical_altar_prayer_group, basic_altar,
          chequers_serial_rivers_large_b
D:3:      layout_rooms

Skill      XL: |  1  2  3 |
---------------+----------+-----
Maces & Flails | 3 4 |  4.6
Fighting       | 4 |  4.2
Armour         | |  3.2
Shields        | |  3.2

Action                     |  1- 3 |  4- 6 || total
---------------------------+-------+-------++-------
  Melee: Flail             |    55 |       ||    55
         Mace              |    67 |    14 ||    81
    Use: Potion            |       |     2 ||     2
         Scroll            |       |     1 ||     1
 Armour: Scale mail        |    97 |     6 ||   103
  Dodge: Dodged            |    50 |     5 ||    55
  Block: Buckler           |    33 |     3 ||    36

Table legend: (Time is in decaauts)
 A = Elapsed time spent in this place.
 B = Non-inter-level travel time spent in this place.
 C = Inter-level travel time spent in this place.
 D = Time resting spent in this place.
 E = Time spent auto-exploring this place.
 F = Levels seen in this place.
 G = Mean time per level.
                   A        B        C        D        E       F      G
               +--------+--------+--------+--------+--------+-----+--------+
         Total |   1989 |   1901 |     88 |     53 |   1517 |   3 |  663.0 |
       Dungeon |   1989 |   1901 |     88 |     53 |   1517 |   3 |  663.0 |
               +--------+--------+--------+--------+--------+-----+--------+

Top non-repeatable levels by time:
     D:1: 1139 daAuts
     D:2: 757 daAuts
     D:3: 92 daAuts
